 Dungeon Crawl Stone Soup version 0.28.0-53-g5a82cb258f (webtiles) character file.

Game seed: 7822460948059918567

128 Plasmagod the Conjurer (level 4, -3/24 HPs)
             Began as a Deep Elf Conjurer on July 25, 2022.
             Succumbed to a kobold brigand's curare-tipped dart
             ... in a sewer.
             The game lasted 00:07:02 (3193 turns).

Plasmagod the Conjurer (Deep Elf Conjurer)          Turns: 3193, Time: 00:07:03

Health: -3/24      AC:  5    Str:  4    XL:     4   Next: 86%
Magic:  4/11       EV: 12    Int: 25    God:
Gold:   141        SH:  0    Dex: 13    Spells: 4/10 levels left

rFire   . . .      SeeInvis .   i - +2 whip (freeze)
rCold   . . .      Faith    .   f - orb {mayhem}
rNeg    . . .      Spirit   .   a - +0 robe
rPois   .          Reflect  .   s - +0 helmet
rElec   .          Harm     .   k - +1 cloak
rCorr   +          Rampage  .   (no gloves)
Will    .....                   (no boots)
Stlth   ++........              (no amulet)
HPRegen 0.08/turn               l - ring of resist corrosion
MPRegen 0.12/turn               (no ring)

@: lethally poisoned (-3 -> -19), slowed, very slow
A: no striking features
a: no special abilities


You were in a sewer.
You visited 1 branch of the dungeon, and saw 4 of its levels.
You also visited: Sewer.

You collected 141 gold pieces.

Inventory:

Hand Weapons
 i - a +2 whip of freezing (weapon)
Armour
 a - a +0 robe (worn)
 f - an orb of mayhem (worn)
 k - a +1 cloak (worn)
 s - a +0 helmet (worn)
Magical Staves
 p - a staff of air
Jewellery
 l - a ring of resist corrosion (left hand)
Scrolls
 b - 2 scrolls of identify {unknown}
 d - a scroll of fear {unknown}
 e - 2 scrolls of fog {unknown}
 g - 2 scrolls of magic mapping {unknown}
 h - 2 scrolls of teleportation {unknown}
 m - a scroll of holy word {unknown}
Potions
 c - 2 potions of curing {unknown}
 j - 2 potions of cancellation {unknown}
 n - a potion of heal wounds {unknown}
 o - 3 potions of brilliance {unknown}
 q - a potion of resistance {unknown}
 r - a potion of lignification {unknown}
 t - 2 potions of flight {unknown}
 u - a potion of magic {unknown}


   Skills:
 + Level 0.1 Fighting
 + Level 2.4 Dodging
 + Level 2.8 Stealth
 + Level 3.9 Spellcasting
 + Level 6.3 Conjurations


You had 4 spell levels left.
You knew the following spells:

 Your Spells              Type           Power      Damage    Failure   Level
a - Magic Dart            Conj           100%       1d8       1%          1
b - Searing Ray           Conj           72%        2d7       1%          2
c - Dazzling Flash        Conj/Hex       40%        N/A       8%          3

Your spell library contained the following spells:

 Spells                   Type           Power      Damage    Failure   Level
 Fulminant Prism          Conj/Hex       10%        3d9       26%         4
 Iskenderun's Mystic Bla  Conj/Tloc      20%        2d6       26%         4


Dungeon Overview and Level Annotations

Branches:
Dungeon (4/15)              Sewer (1/1)
 Temple: D:4-7

Altars:

Shops:
D:2 [[*(   D:3 [


Message History

Aim: a kobold brigand, wielding a +0 short sword and quivering curare-tipped darts (lightly wounded, 100% to hit)
The magic dart hits the kobold brigand.
The kobold brigand is moderately wounded.
Aiming: Magic Dart (safe; 1% risk of failure)
Press: ? - help, Q - select action, (/) - cycle Shift-Dir - straight line, f/p - kobold brigand
Aim: a kobold brigand, wielding a +0 short sword and quivering curare-tipped darts (moderately wounded, 100% to hit)
The magic dart hits the kobold brigand.
The kobold brigand is heavily wounded.
The kobold brigand throws a curare-tipped dart.
The curare-tipped dart hits you.
You are poisoned.
You have difficulty breathing.
You feel yourself slow down.
Aiming: Magic Dart (safe; 1% risk of failure)
Press: ? - help, Q - select action, (/) - cycle Shift-Dir - straight line, f/p - kobold brigand
Aim: a kobold brigand, wielding a +0 short sword and quivering curare-tipped darts (heavily wounded, 100% to hit)
The magic dart hits the kobold brigand.
The kobold brigand is heavily wounded.
You feel very sick.
Casting: Magic Dart (safe; 1% risk of failure)
Confirm with . or Enter, or press ? or * to list all spells.
Aiming: Searing Ray (safe; 1% risk of failure)
Press: ? - help, Shift-Dir - straight line, f/p - kobold brigand
Aim: a kobold brigand, wielding a +0 short sword and quivering curare-tipped darts (heavily wounded, 76% to hit)
The searing ray misses the kobold brigand. (Press . to maintain the ray.)
You feel sick.
The kobold brigand throws a curare-tipped dart.
The curare-tipped dart hits you.
You are lethally poisoned!
You have difficulty breathing.
You feel as though you will be slow longer.
The searing ray hits the kobold brigand.
The kobold brigand is severely wounded.
* * * LOW HITPOINT WARNING * * *
You feel extremely sick.
The kobold brigand throws a curare-tipped dart.
The curare-tipped dart barely misses you.
The searing ray hits the kobold brigand!
You kill the kobold brigand!
You die...

#≈# #≈# #≈# #≈#
##≈## ##≈## ##..≈##
##.≈.## #
#....≈####.....#####
#≈.†≈)≈≈≈≈..≈.≈≈≈≈≈≈
#.....####≈.≈..#####
##≈≈≈## ##...## #
##@## ##≈## #.# #≈#
#.# #≈# #)# ##≈##
#≈# ##...## # .?≈
#.≈...##### .≈!
#.≈...)≈≈≈≈ ...
#..≈≈.##### ##...##
#


There were no monsters in sight!

Vanquished Creatures
  A kobold brigand (Sewer)
  Jessica (D:2)
  A river rat (Sewer)
  6 worms
  2 dart slugs (D:2)
  3 bats
  6 endoplasms
  5 giant cockroaches
  5 hobgoblins
  5 jackals
  11 kobolds
  A quokka (D:2)
  5 ball pythons
  8 frilled lizards
  4 goblins
  7 rats
71 creatures vanquished.

Vanquished Creatures (collateral kills)
  A ball python (D:2)
  A goblin (D:2)
  A kobold (D:2)
3 creatures vanquished.

Grand Total: 74 creatures vanquished

Notes
Turn   | Place    | Note
-------+----------+-------------------------------------------
     0 | D:1      | Plasmagod the Deep Elf Conjurer began the quest for the
                  | Orb.
     0 | D:1      | Reached XP level 1. HP: 10/10 MP: 6/6
   678 | D:1      | Reached XP level 2. HP: 15/15 MP: 6/8
   712 | D:1      | Learned a level 2 spell: Searing Ray
  1038 | D:2      | Found Hig Rycahe's Antique Armour Shop.
  1091 | D:2      | Reached skill level 5 in Conjurations
  1314 | D:2      | Reached XP level 3. HP: 19/19 MP: 7/9
  1364 | D:2      | Found a faded altar of an unknown god.
  1497 | D:2      | Found Cizonwee's Antique Weapon Emporium.
  1508 | D:2      | Found Sofrass's Armour Emporium.
  1810 | D:2      | Found Jidoer's Assorted Antiques.
  1980 | D:2      | Noticed Jessica
  1988 | D:2      | Killed Jessica
  1989 | D:2      | Reached XP level 4. HP: 23/24 MP: 6/11
  2080 | D:2      | Reached skill level 6 in Conjurations
  2446 | D:3      | Found Goshro's Antique Armour Emporium.
  2932 | D:4      | Found a glowing drain.
  2942 | Sewer    | Entered a sewer
  3183 | Sewer    | Learned a level 3 spell: Dazzling Flash
  3186 | Sewer    | Noticed a kobold brigand
  3193 | Sewer    | Killed a kobold brigand
  3193 | Sewer    | Succumbed to a kobold brigand's curare-tipped dart

Illustrated notes

Levels and vault maps discovered:
D:1:      nagdon_arrival_zigzag_paths, layout_basic
D:2:      kennysheep_six_static_rooms, layout_basic, serial_glass,
          glass_columns_b, glass_columns_b, feat_on_display, serial_shops,
          nicolae_shop_hallway_stairs, nicolae_shop_hallway_plus, shop, shop,
          ebering_ecumenical_altar_box, minmay_split_cup_large, uniq_jessica
D:3:      layout_rooms, serial_shops, shop, hangedman_abyss_or_decor_lesser_grid
D:4:      layout_loops_corners, mainiacjoe_overflow_brackets,
          minmay_temple_entry_butterflies, portal_sewer_entry_b, uniq_edmund
Sewer:    sewer_co_15_rooms

Skill      XL: |  1  2  3  4 |
---------------+-------------+-----
Conjurations   | 5 6 |  6.3
Fighting       | |  0.1
Dodging        | |  2.4
Stealth        | |  2.8
Spellcasting   | |  3.9

Action                   |  1- 3 |  4- 6 || total
-------------------------+-------+-------++-------
 Cast: Magic Dart        |    68 |    56 ||   124
       Searing Ray       |     4 |     5 ||     9
Armor: Robe              |     4 |       ||     4
Dodge: Dodged            |     5 |     2 ||     7
